[Event "Fagernes GM-B 2019"]
[Site "Fagernes"]
[Date "2019.04.18"]
[Round "1"]
[White "Greenfeld, Alon"]
[Black "Levin, Felix"]
[Result "1-0"]
[ECO "D35"]
[WhiteElo "2514"]
[BlackElo "2476"]
[Annotator "ChessBase"]
[PlyCount "93"]
[EventDate "2019.04.14"]
[EventType "tourn"]
[EventCountry "NOR"]
[SourceTitle "playchess.com"]
[Source "ChessBase"]
[SourceQuality "1"]
[TimeControl "40/5400+30:1800+30"]

1. c4 e6 2. Nc3 d5 3. d4 Nf6 4. cxd5 exd5 5. Bg5 c6 6. e3 Bf5 7. Qf3 Be6 8. Bxf6 Qxf6 9. Qxf6 gxf6 10. Bd3 Nd7 11. Nge2 Nb6 12. Nf4 O-O-O 13. O-O Kb8 14. Nce2 Nc8 15. Rfb1 Nd6 16. b4 Bf5 17. Bxf5 Nxf5 18. a4 h5 19. Nd3 Nd6 20. b5 cxb5 21. axb5 Nc8 22. h4 Be7 23. Ndf4 f5 24. g3 Nb6 25. Ra2 Bd6 26. Kg2 Bxf4 27. Nxf4 Rd7 28. Rc1 Nc4 29. Rca1 b6 30. Nd3 Na5 31. Rc1 Nc4 32. Nb4 Kb7 33. Nd3 Rc7 34. Rac2 Rd7 35. Nf4 Na3 36. Rb2 Nc4 37. Rb3 Na5 38. Rbc3 Kb8 39. R1c2 Kb7 40. Rc6 Nc4 41. Nxd5 Rxd5 42. R6xc4 Rxb5 43. Rc7+ Kb8 44. Rxf7 a5 45. Rcc7 Rb4 46. Rb7+ Ka8 47. Rbd7 1-0

[Event "Fagernes GM-B 2019"]
[Site "Fagernes"]
[Date "2019.04.18"]
[Round "1"]
[White "Holm, Kristian Stuvik"]
[Black "Von Bahr, Oskar"]
[Result "1/2-1/2"]
[ECO "A33"]
[WhiteElo "2467"]
[BlackElo "2404"]
[Annotator "ChessBase"]
[PlyCount "52"]
[EventDate "2019.04.14"]
[EventType "tourn"]
[EventCountry "NOR"]
[SourceTitle "playchess.com"]
[Source "ChessBase"]
[SourceQuality "1"]
[TimeControl "40/5400+30:1800+30"]

1. Nf3 Nf6 2. c4 c5 3. d4 cxd4 4. Nxd4 Nc6 5. Nc3 e6 6. g3 Qb6 7. Ndb5 Ne5 8. Bf4 Nfg4 9. Qa4 g5 10. Bxe5 Qxf2+ 11. Kd1 Nxe5 12. Nc7+ Kd8 13. Nxa8 Qd4+ 14. Kc2 Nxc4 15. e4 Qd2+ 16. Kb3 Qxb2+ 17. Kxc4 Bg7 18. Qa5+ b6 19. Qxg5+ f6 20. Qb5 Ba6 21. Qxa6 f5 22. Qxa7 Qxc3+ 23. Kb5 Qc6+ 24. Ka6 Qa4+ 25. Kb7 Qc6+ 26. Ka6 Qa4+ 1/2-1/2

[Event "Fagernes GM-B 2019"]
[Site "Fagernes"]
[Date "2019.04.18"]
[Round "1"]
[White "Kazakovskiy, Valeriy"]
[Black "Tryggestad, Andreas Garberg"]
[Result "1/2-1/2"]
[ECO "A34"]
[WhiteElo "2440"]
[BlackElo "2305"]
[Annotator "NA"]
[PlyCount "44"]
[EventDate "2019.04.14"]
[EventType "tourn"]
[EventCountry "NOR"]
[SourceTitle "playchess.com"]
[Source "ChessBase"]
[SourceQuality "1"]
[TimeControl "40/5400+30:1800+30"]

1. Nf3 Nf6 2. c4 c5 3. Nc3 d5 4. cxd5 Nxd5 5. Qa4+ Bd7 6. Qb3 Nb6 7. Ne5 e6 8. g3 Nc6 9. Nxd7 Qxd7 10. Bg2 Be7 11. O-O O-O 12. d3 Rfd8 13. Be3 Rac8 14. Qb5 Nd4 15. Qxd7 Rxd7 16. Rfc1 Nf5 17. Bf4 c4 18. dxc4 g5 19. g4 Nh4 20. Bg3 Nxg2 21. Kxg2 Rxc4 22. Rd1 Bf6 1/2-1/2

[Event "Fagernes GM-B 2019"]
[Site "Fagernes"]
[Date "2019.04.18"]
[Round "1"]
[White "Kaasen, Tor Fredrik"]
[Black "Lund, Gunnar"]
[Result "1/2-1/2"]
[ECO "C41"]
[WhiteElo "2385"]
[BlackElo "2271"]
[Annotator "NA"]
[PlyCount "64"]
[EventDate "2019.04.14"]
[EventType "tourn"]
[EventCountry "NOR"]
[SourceTitle "playchess.com"]
[Source "ChessBase"]
[SourceQuality "1"]
[TimeControl "40/5400+30:1800+30"]

1. e4 d6 2. d4 Nf6 3. Nc3 e5 4. Nf3 exd4 5. Nxd4 Be7 6. Bc4 O-O 7. O-O Nbd7 8. a4 a5 9. Re1 Re8 10. Nf5 Bf8 11. Bg5 h6 12. Bf4 Nc5 13. Qf3 Bxf5 14. exf5 Rxe1+ 15. Rxe1 c6 16. Bf1 d5 17. Be5 Bd6 18. Bd4 Nce4 19. Nxe4 Nxe4 20. Bd3 Bc5 21. Qe3 Bxd4 22. Qxd4 Nf6 23. Qc5 Qf8 24. Qxf8+ Kxf8 25. f3 Re8 26. Rxe8+ Kxe8 27. Kf2 Ke7 28. c3 Kd6 29. Ke3 Nd7 30. g4 Ne5 31. Be2 Kc5 32. b3 b5 1/2-1/2

[Event "Fagernes GM-B 2019"]
[Site "Fagernes"]
[Date "2019.04.18"]
[Round "1"]
[White "Betaneli, Alexander"]
[Black "Rozentalis, Eduardas"]
[Result "0-1"]
[ECO "A11"]
[WhiteElo "2235"]
[BlackElo "2568"]
[Annotator "ChessBase"]
[PlyCount "94"]
[EventDate "2019.04.14"]
[EventType "tourn"]
[EventCountry "NOR"]
[SourceTitle "playchess.com"]
[Source "ChessBase"]
[SourceQuality "1"]
[TimeControl "40/5400+30:1800+30"]

1. c4 Nf6 2. g3 c6 3. Bg2 d5 4. Nf3 Bg4 5. Ne5 Be6 6. cxd5 Bxd5 7. Nf3 e5 8. d3 e4 9. dxe4 Nxe4 10. O-O Be7 11. Nbd2 Nxd2 12. Bxd2 Nd7 13. Qc2 Nf6 14. Rfd1 O-O 15. Bc3 Ne4 16. Bd4 f5 17. Be3 Bf6 18. Nd2 Qe8 19. Nxe4 fxe4 20. Bd4 Qe6 21. e3 Be7 22. b3 Rf7 23. Rd2 b6 24. Bc3 Raf8 25. Rf1 h5 26. Rd4 Bc5 27. Rd2 h4 28. b4 Bd6 29. Rfd1 b5 30. Qb2 Qe7 31. a3 Qg5 32. Bd4 a6 33. Bc5 Bxc5 34. bxc5 hxg3 35. hxg3 Rf6 36. Qc2 Qe5 37. Rd4 Rxf2 38. Qxf2 Rxf2 39. Kxf2 a5 40. Bh3 Qf6+ 41. Kg1 Qf3 42. Kh2 Qxe3 43. Bg2 Qc3 44. Rxd5 cxd5 45. Rxd5 e3 46. c6 e2 47. Rd8+ Kh7 0-1

[Event "Fagernes GM-B 2019"]
[Site "Fagernes"]
[Date "2019.04.15"]
[Round "2.22"]
[White "Tryggestad, Andreas Garberg"]
[Black "Lund, Gunnar"]
[Result "1/2-1/2"]
[ECO "C41"]
[WhiteElo "2305"]
[BlackElo "2271"]
[Annotator "NA RC"]
[PlyCount "46"]
[EventDate "2019.04.14"]
[EventType "tourn"]
[EventCountry "NOR"]
[SourceTitle "playchess.com"]
[Source "ChessBase"]
[SourceQuality "1"]
[TimeControl "40/5400+30:1800+30"]

1. d4 d6 2. e4 Nf6 3. Nc3 e5 4. Nf3 exd4 5. Nxd4 Be7 6. Bf4 O-O 7. Qd2 Nc6 8. O-O-O Nxd4 9. Qxd4 Be6 10. f3 a6 11. g4 {[%emt 0:00:30] C41: Philidor Defence} Nd7 (11... b5 12. Qf2 b4 13. Nd5 Nxd5 14. exd5 Bd7 15. h4 a5 16. Bd3 c5 17. dxc6 Bxc6 18. g5 a4 {½-½ (43) Maze,S (2582)-Demuth,A (2537) Sitges 2015}) 12. h4 b5 13. Qd2 Ne5 14. Qf2 Qb8 $146 ({Predecessor:} 14... f6 15. Kb1 c6 16. Ne2 Qa5 17. Nc1 Qc7 18. Qg3 d5 19. g5 Rad8 20. Bh3 Bxh3 21. Qxh3 Qd7 22. Qg2 Qe6 23. Rhe1 {½-½ (23) Boschma,B (2247)-Serfling,R (2234) ICCF email 2007}) 15. g5 c6 16. Kb1 a5 17. Bc1 a4 18. f4 b4 19. Ne2 {[%emt 0:00:30] [#]} Bxa2+ $1 $17 {[%emt 0:00:30] and life is bright.} (19... Bc8 $2 ) 20. Ka1 (20. Kxa2 $2 b3+ 21. Kb1 bxc2+ 22. Kxc2 Qb3+ 23. Kb1 Nd3 $19) 20... Bb3 (20... b3) 21. Kb1 Ba2+ 22. Ka1 Bb3 23. Kb1 $11 (23. cxb3 {leads to mate.} axb3+ 24. Kb1 {[#]} Ra1+ $1 {[%mdl 576] Decoy, Clearance} 25. Kxa1 Qa8+ 26. Qa7 Qxa7+ 27. Kb1 Qa2#) ({Don't play} 23. fxe5 Bxc2 {[%mdl 64] Double Attack} 24. Nc3 Bb3 $17) 23... Ba2+ 1/2-1/2

[Event "Fagernes GM-B 2019"]
[Site "Fagernes"]
[Date "2019.04.15"]
[Round "2.23"]
[White "Rozentalis, Eduardas"]
[Black "Kaasen, Tor Fredrik"]
[Result "1-0"]
[ECO "C68"]
[WhiteElo "2568"]
[BlackElo "2385"]
[Annotator "ChessBase"]
[PlyCount "91"]
[EventDate "2019.04.14"]
[EventType "tourn"]
[EventCountry "NOR"]
[SourceTitle "playchess.com"]
[Source "ChessBase"]
[SourceQuality "1"]
[TimeControl "40/5400+30:1800+30"]

1. e4 e5 2. Nf3 Nc6 3. Bb5 a6 4. Bxc6 dxc6 5. O-O Bg4 6. h3 h5 7. d3 Qf6 8. Be3 Bxf3 9. Qxf3 Qxf3 10. gxf3 f5 11. f4 fxe4 12. dxe4 exf4 13. Bxf4 O-O-O 14. Nd2 Nh6 15. Nf3 Be7 16. Kg2 Nf7 17. Rad1 g5 18. Bg3 Bd6 19. Nd4 h4 20. Bxd6 Nxd6 21. Rfe1 Rhe8 22. f3 Nc4 23. b3 Nb2 24. Rd2 c5 25. c3 cxd4 26. cxd4 Re7 27. Kf2 b5 28. Ke3 c5 29. Rc1 Rc7 30. d5 c4 31. Rxb2 c3 32. Rg2 Rg8 33. b4 Kb7 34. e5 Rc4 35. Rg4 Rgc8 36. Kd3 Rf8 37. Rxc4 bxc4+ 38. Ke3 Rf5 39. Rxc3 Rxe5+ 40. Kd4 Re2 41. Rxc4 Rxa2 42. d6 Rd2+ 43. Ke5 Re2+ 44. Kd5 Rd2+ 45. Ke6 Re2+ 46. Re4 1-0

[Event "Fagernes GM-B 2019"]
[Site "Fagernes"]
[Date "2019.04.15"]
[Round "2.24"]
[White "Levin, Felix"]
[Black "Betaneli, Alexander"]
[Result "0-1"]
[ECO "A13"]
[WhiteElo "2476"]
[BlackElo "2235"]
[Annotator "ChessBase"]
[PlyCount "118"]
[EventDate "2019.04.14"]
[EventType "tourn"]
[EventCountry "NOR"]
[SourceTitle "playchess.com"]
[Source "ChessBase"]
[SourceQuality "1"]
[TimeControl "40/5400+30:1800+30"]

1. Nf3 d5 2. c4 e6 3. e3 Nf6 4. b3 b6 5. cxd5 exd5 6. Nc3 c6 7. Bb2 Bd6 8. Qc2 O-O 9. d4 Qe7 10. Bd3 Ba6 11. Bxa6 Nxa6 12. O-O Rac8 13. a3 Rfe8 14. b4 Nb8 15. Qb3 a6 16. Na4 Nbd7 17. Rac1 Ne4 18. Rc2 b5 19. Nc5 Ndxc5 20. dxc5 Bb8 21. g3 Qd7 22. Nd4 Be5 23. f3 Bxd4 24. Bxd4 Ng5 25. h4 Ne6 26. Bb2 f5 27. Qd3 Qf7 28. Kh2 Re7 29. Re2 Rce8 30. Rfe1 Qh5 31. Kg2 Nf8 32. Bd4 Re6 33. Qc3 f4 34. Rh1 Qg6 35. g4 R8e7 36. h5 Qg5 37. Qd3 fxe3 38. Rhe1 Re4 39. Rxe3 Ne6 40. Rxe4 dxe4 41. Rxe4 Nf4+ 42. Rxf4 Qxf4 43. Bf2 Rf7 44. Bg3 Qc4 45. Qe3 Qa2+ 46. Kh3 Qd5 47. Bf4 Rf6 48. Qe8+ Rf8 49. Qe3 Qf7 50. Kg3 Re8 51. Qd2 Qe6 52. Qd3 h6 53. Kh3 Qe2 54. Qb3+ Kh8 55. g5 hxg5 56. Bxg5 Qf1+ 57. Kg3 Qg1+ 58. Kh4 Qh2+ 59. Kg4 Qg2+ 0-1

[Event "Fagernes GM-B 2019"]
[Site "Fagernes"]
[Date "2019.04.15"]
[Round "2.25"]
[White "Von Bahr, Oskar"]
[Black "Greenfeld, Alon"]
[Result "0-1"]
[ECO "A30"]
[WhiteElo "2404"]
[BlackElo "2514"]
[Annotator "ChessBase"]
[PlyCount "80"]
[EventDate "2019.04.14"]
[EventType "tourn"]
[EventCountry "NOR"]
[SourceTitle "playchess.com"]
[Source "ChessBase"]
[SourceQuality "1"]
[TimeControl "40/5400+30:1800+30"]

1. Nf3 Nf6 2. c4 c5 3. Nc3 e6 4. g3 b6 5. Bg2 Bb7 6. O-O Be7 7. b3 O-O 8. Bb2 d6 9. e3 Nbd7 10. Qe2 a6 11. Rad1 b5 12. d3 Qb6 13. Nh4 Bxg2 14. Kxg2 Qc6+ 15. e4 Rfe8 16. Kg1 Nb6 17. f4 b4 18. Nb1 a5 19. g4 a4 20. g5 Nfd7 21. Qg4 axb3 22. axb3 Ra2 23. Rf2 g6 24. Rdf1 d5 25. f5 exf5 26. exf5 d4 27. Re1 Qd6 28. Nd2 Ne5 29. Qg3 Nbd7 30. Ne4 Qa6 31. Rfe2 Ra8 32. f6 Bf8 33. Ng2 h6 34. h4 Qe6 35. Nf4 Qg4 36. Qxg4 Nxg4 37. Nf2 Ne3 38. Ng2 Ne5 39. Kh1 Nf5 40. Rxe5 Rxb2 0-1

[Event "Fagernes GM-B 2019"]
[Site "Fagernes"]
[Date "2019.04.16"]
[Round "3.24"]
[White "Betaneli, Alexander"]
[Black "Von Bahr, Oskar"]
[Result "1/2-1/2"]
[ECO "A36"]
[WhiteElo "2235"]
[BlackElo "2404"]
[Annotator "NA"]
[PlyCount "129"]
[EventDate "2019.04.14"]
[EventType "tourn"]
[EventCountry "NOR"]
[SourceTitle "playchess.com"]
[Source "ChessBase"]
[SourceQuality "1"]
[TimeControl "40/5400+30:1800+30"]

1. c4 c5 2. g3 g6 3. Bg2 Bg7 4. Nc3 Nc6 5. e4 d6 6. Nge2 Nf6 7. d3 a6 8. O-O Rb8 9. a4 Bg4 10. f3 Bd7 11. Rb1 O-O 12. Be3 Ne8 13. d4 cxd4 14. Nxd4 Nc7 15. Nb3 Ne5 16. c5 dxc5 17. Nxc5 Bc6 18. Qe2 a5 19. Rfd1 Qe8 20. f4 b6 21. Nb3 Bxa4 22. Nxa4 Qxa4 23. Nd4 Nc6 24. Nxc6 Qxc6 25. Rbc1 Qb5 26. Qxb5 Nxb5 27. e5 f6 28. Bf1 Na7 29. Rd7 Nc8 30. Bd4 fxe5 31. Bxe5 Bxe5 32. fxe5 b5 33. Rc5 Kf7 34. Bh3 Nb6 35. Ra7 Ra8 36. Rxa8 Rxa8 37. Rxb5 Nc4 38. Bg2 Rc8 39. Bd5+ Kf8 40. Be6 Rc6 41. Bd5 Rc7 42. e6 Kg7 43. Kf2 Nd6 44. Rxa5 Rc2+ 45. Kf3 Rxb2 46. h4 Rb5 47. Rxb5 Nxb5 48. g4 Nc7 49. Bc4 Kf6 50. g5+ Ke5 51. Kg4 Nxe6 52. h5 Nf4 53. hxg6 hxg6 54. Bb3 Nd5 55. Kf3 Nb4 56. Kg4 e6 57. Ba4 Nd5 58. Be8 Nf4 59. Bc6 Nd5 60. Be8 Ne3+ 61. Kf3 Nf5 62. Kg4 Ne7 63. Bf7 Kd5 64. Kg3 Ke5 65. Kg4 1/2-1/2

[Event "Fagernes GM-B 2019"]
[Site "Fagernes"]
[Date "2019.04.18"]
[Round "4"]
[White "Levin, Felix"]
[Black "Lund, Gunnar"]
[Result "1/2-1/2"]
[ECO "A55"]
[WhiteElo "2476"]
[BlackElo "2271"]
[Annotator "ChessBase"]
[PlyCount "60"]
[EventDate "2019.04.14"]
[EventType "tourn"]
[EventCountry "NOR"]
[SourceTitle "playchess.com"]
[Source "ChessBase"]
[SourceQuality "1"]
[TimeControl "40/5400+30:1800+30"]

1. d4 d6 2. Nf3 Nf6 3. c4 Nbd7 4. Nc3 e5 5. e4 Be7 6. Be2 O-O 7. O-O c6 8. Be3 a6 9. d5 cxd5 10. cxd5 Ng4 11. Bd2 b5 12. b4 Nb6 13. Ne1 f5 14. exf5 Nf6 15. Nc2 Bxf5 16. Ne3 Bd7 17. Rc1 Kh8 18. Bd3 Ra7 19. Bc2 Qa8 20. Bb3 Rc7 21. f4 Nc4 22. Bxc4 bxc4 23. Kh1 Bc8 24. Qe2 Bb7 25. Nxc4 Nxd5 26. Nxd5 Bxd5 27. Nb6 Rxc1 28. Nxa8 Bc4 29. Rxc1 Bxe2 30. Nc7 Rc8 1/2-1/2

[Event "Fagernes GM-B 2019"]
[Site "Fagernes"]
[Date "2019.04.18"]
[Round "4"]
[White "Holm, Kristian Stuvik"]
[Black "Greenfeld, Alon"]
[Result "1/2-1/2"]
[ECO "D20"]
[WhiteElo "2467"]
[BlackElo "2514"]
[Annotator "ChessBase"]
[PlyCount "88"]
[EventDate "2019.04.14"]
[EventType "tourn"]
[EventCountry "NOR"]
[SourceTitle "playchess.com"]
[Source "ChessBase"]
[SourceQuality "1"]
[TimeControl "40/5400+30:1800+30"]

1. d4 d5 2. c4 dxc4 3. e3 e5 4. Bxc4 exd4 5. exd4 Bd6 6. Nf3 Nf6 7. Qe2+ Qe7 8. Qxe7+ Bxe7 9. Nc3 O-O 10. O-O h6 11. Bf4 Bd6 12. Bxd6 cxd6 13. Nb5 Ne8 14. Rfe1 Bd7 15. Rac1 Nc6 16. d5 Ne5 17. Nxe5 dxe5 18. Rxe5 Rc8 19. Ree1 Rxc4 20. Rxc4 Bxb5 21. Rc8 Nd6 22. Rxf8+ Kxf8 23. b3 Ne8 24. f3 Nc7 25. a4 Bd7 26. Rd1 Na6 27. Re1 Nb4 28. d6 Be6 29. Rc1 Na6 30. b4 b6 31. a5 b5 32. Rc6 Nxb4 33. Rc7 a6 34. Ra7 Ke8 35. Kf2 Bd5 36. h4 Kd8 37. g4 Bc4 38. h5 Be6 39. Kg3 Nc6 40. Rxa6 Kd7 41. Rb6 Nxa5 42. Rxb5 Nc4 43. Rb8 Nxd6 44. Ra8 Bd5 1/2-1/2

[Event "Fagernes GM-B 2019"]
[Site "Fagernes"]
[Date "2019.04.18"]
[Round "4"]
[White "Kazakovskiy, Valeriy"]
[Black "Betaneli, Alexander"]
[Result "1-0"]
[ECO "E06"]
[WhiteElo "2440"]
[BlackElo "2235"]
[Annotator "NA"]
[PlyCount "105"]
[EventDate "2019.04.14"]
[EventType "tourn"]
[EventCountry "NOR"]
[SourceTitle "playchess.com"]
[Source "ChessBase"]
[SourceQuality "1"]
[TimeControl "40/5400+30:1800+30"]

1. d4 d5 2. c4 e6 3. Nf3 Nf6 4. g3 Be7 5. Bg2 O-O 6. O-O c6 7. Qc2 b6 8. Nbd2 Bb7 9. e4 Na6 10. e5 Nd7 11. a3 c5 12. dxc5 Naxc5 13. b4 Ne4 14. cxd5 exd5 15. Bb2 a5 16. Qb3 axb4 17. axb4 Rxa1 18. Rxa1 Qb8 19. Nf1 Rd8 20. Ne3 Nf8 21. Rd1 Qa8 22. Nf5 Ng6 23. N3d4 Bf8 24. e6 Nf6 25. Qf3 Qa4 26. Ra1 Qxb4 27. Nh6+ gxh6 28. Qxf6 fxe6 29. Nc6 Qxb2 30. Qxb2 Bxc6 31. Qxb6 Rd6 32. Ra7 Be8 33. Qb7 Rd7 34. Qb8 Rxa7 35. Qxa7 Bf7 36. Qa8 Kg7 37. Bh3 Be7 38. Qb7 Kf6 39. Qb2+ e5 40. Qb6+ Kg7 41. Be6 d4 42. Bxf7 Kxf7 43. h4 Bf6 44. Qb3+ Kg7 45. Qe6 Ne7 46. Kg2 Kg6 47. Kf3 h5 48. Ke4 Kg7 49. Qb3 Kg6 50. Qf3 h6 51. Kd3 Ng8 52. Qe4+ Kg7 53. Qf5 1-0

[Event "Fagernes GM-B 2019"]
[Site "Fagernes"]
[Date "2019.04.18"]
[Round "4"]
[White "Von Bahr, Oskar"]
[Black "Kaasen, Tor Fredrik"]
[Result "1/2-1/2"]
[ECO "A06"]
[WhiteElo "2404"]
[BlackElo "2385"]
[Annotator "NA"]
[PlyCount "48"]
[EventDate "2019.04.14"]
[EventType "tourn"]
[EventCountry "NOR"]
[SourceTitle "playchess.com"]
[Source "ChessBase"]
[SourceQuality "1"]
[TimeControl "40/5400+30:1800+30"]

1. Nf3 Nf6 2. b3 d5 3. Bb2 Bg4 4. g3 Bxf3 5. exf3 e6 6. d4 Be7 7. Bd3 O-O 8. O-O Nbd7 9. Re1 c5 10. Nd2 Rc8 11. c4 cxd4 12. Bxd4 Bc5 13. Bb2 Qb6 14. Qe2 Bd4 15. Bxd4 Qxd4 16. Qe3 Qxe3 17. fxe3 Rfd8 18. Red1 Nc5 19. Be2 Kf8 20. Kf2 Ke7 21. Rac1 b6 22. Nb1 dxc4 23. Bxc4 Nd5 24. Ke2 Nf6 1/2-1/2

[Event "Fagernes GM-B 2019"]
[Site "Fagernes"]
[Date "2019.04.18"]
[Round "4"]
[White "Tryggestad, Andreas Garberg"]
[Black "Rozentalis, Eduardas"]
[Result "1-0"]
[ECO "C10"]
[WhiteElo "2305"]
[BlackElo "2568"]
[Annotator "ChessBase"]
[PlyCount "87"]
[EventDate "2019.04.14"]
[EventType "tourn"]
[EventCountry "NOR"]
[SourceTitle "playchess.com"]
[Source "ChessBase"]
[SourceQuality "1"]
[TimeControl "40/5400+30:1800+30"]

1. e4 e6 2. d4 d5 3. Nc3 Nc6 4. Nf3 Nf6 5. Bg5 Be7 6. e5 Ne4 7. Bxe7 Qxe7 8. Bd3 Nxc3 9. bxc3 f6 10. Qe2 O-O 11. exf6 Rxf6 12. O-O Bd7 13. c4 dxc4 14. Bxc4 Raf8 15. c3 Kh8 16. Bd3 Rh6 17. Rae1 Qa3 18. Qd2 Rh5 19. Ng5 Qa5 20. Ne4 e5 21. Nc5 Bc8 22. Nb3 Qd5 23. c4 Qd6 24. Be2 Rh6 25. dxe5 Qxd2 26. Nxd2 Nxe5 27. Nf3 Nc6 28. Bd3 Rd6 29. Re3 g6 30. h4 Bg4 31. Ng5 h6 32. Ne4 Rd4 33. Nc5 b6 34. Na6 Na5 35. Bxg6 Nxc4 36. Re7 c5 37. Rfe1 Rd7 38. f3 Rxe7 39. Rxe7 Bf5 40. Bxf5 Rxf5 41. Rxa7 Rf4 42. Nc7 Rxh4 43. Nd5 Kg8 44. Ne7+ 1-0

[Event "Fagernes GM-B 2019"]
[Site "Fagernes"]
[Date "2019.04.18"]
[Round "6.22"]
[White "Tryggestad, Andreas Garberg"]
[Black "Levin, Felix"]
[Result "0-1"]
[ECO "C65"]
[WhiteElo "2305"]
[BlackElo "2476"]
[Annotator "ChessBase"]
[PlyCount "76"]
[EventDate "2019.04.14"]
[EventType "tourn"]
[EventCountry "NOR"]
[SourceTitle "playchess.com"]
[Source "ChessBase"]
[SourceQuality "1"]
[TimeControl "40/5400+30:1800+30"]

1. e4 e5 2. Nf3 Nc6 3. Bb5 Nf6 4. d3 Bc5 5. Bxc6 dxc6 6. Nbd2 Qe7 7. Nc4 Nd7 8. O-O f6 9. c3 Nb6 10. Na5 Bd6 11. d4 O-O 12. dxe5 fxe5 13. Be3 Rb8 14. Nd2 Be6 15. Qe2 Qe8 16. Nab3 Nc8 17. Nc5 Bxc5 18. Bxc5 Rf6 19. Be3 b6 20. Qa6 c5 21. f4 exf4 22. Rxf4 Rxf4 23. Bxf4 Qc6 24. Nf3 h6 25. Rd1 Nd6 26. Bxd6 cxd6 27. Qxa7 Re8 28. Qa6 d5 29. Ne5 Qc7 30. Qa4 b5 31. Qxb5 Rb8 32. Qc6 Qxe5 33. exd5 Qe3+ 34. Kh1 Bg4 35. Rf1 Rxb2 36. d6 Rd2 37. Rg1 Qe5 38. h3 Bxh3 0-1

[Event "Fagernes GM-B 2019"]
[Site "Fagernes"]
[Date "2019.04.18"]
[Round "6.23"]
[White "Von Bahr, Oskar"]
[Black "Rozentalis, Eduardas"]
[Result "0-1"]
[ECO "A13"]
[WhiteElo "2404"]
[BlackElo "2568"]
[Annotator "ChessBase"]
[PlyCount "84"]
[EventDate "2019.04.14"]
[EventType "tourn"]
[EventCountry "NOR"]
[SourceTitle "playchess.com"]
[Source "ChessBase"]
[SourceQuality "1"]
[TimeControl "40/5400+30:1800+30"]

1. c4 e6 2. g3 Nf6 3. Bg2 d5 4. Nf3 dxc4 5. Qa4+ Bd7 6. Qxc4 c5 7. Ne5 Qc8 8. O-O Nc6 9. Nxd7 Qxd7 10. Qa4 Nd5 11. Nc3 Be7 12. d3 O-O 13. Bd2 Rfd8 14. Rfc1 Rac8 15. h4 Nb6 16. Qg4 f5 17. Qh3 c4 18. Rd1 cxd3 19. exd3 Ne5 20. Be1 Na4 21. Nxa4 Qxa4 22. d4 Rxd4 23. Rxd4 Qxd4 24. Bc3 Rxc3 25. bxc3 Qxc3 26. Rf1 b6 27. g4 Qxh3 28. Bxh3 fxg4 29. Bg2 Bxh4 30. Re1 Bxf2+ 31. Kxf2 Nd3+ 32. Kf1 Nxe1 33. Kxe1 Kf7 34. Kf2 Kf6 35. Bf1 h5 36. Bc4 h4 37. Ke3 e5 38. Bb5 Kg5 39. Ba4 h3 40. Bd7 Kh4 41. Bf5 g3 42. Be4 g5 0-1

[Event "Fagernes GM-B 2019"]
[Site "Fagernes"]
[Date "2019.04.18"]
[Round "6.24"]
[White "Kazakovskiy, Valeriy"]
[Black "Lund, Gunnar"]
[Result "1/2-1/2"]
[ECO "C41"]
[WhiteElo "2440"]
[BlackElo "2271"]
[Annotator "ChessBase"]
[PlyCount "185"]
[EventDate "2019.04.14"]
[EventType "tourn"]
[EventCountry "NOR"]
[SourceTitle "playchess.com"]
[Source "ChessBase"]
[SourceQuality "1"]
[TimeControl "40/5400+30:1800+30"]

1. d4 d6 2. e4 Nf6 3. Nc3 e5 4. Nge2 exd4 5. Nxd4 Be7 6. g3 O-O 7. Bg2 Nbd7 8. O-O Re8 9. Bf4 Ne5 10. h3 c6 11. g4 Bf8 12. Nde2 b5 13. a3 Bb7 14. g5 Nfd7 15. Ng3 Ng6 16. Be3 Nde5 17. b3 a5 18. f4 Nd7 19. Nf5 b4 20. axb4 axb4 21. Rxa8 Qxa8 22. Ne2 d5 23. Neg3 c5 24. h4 d4 25. Bd2 Re6 26. h5 Ne7 27. Nxe7+ Rxe7 28. Qg4 g6 29. hxg6 hxg6 30. Bf3 Qa2 31. Rc1 d3 32. e5 Bxf3 33. Qxf3 dxc2 34. Qd3 c4 35. Qxc4 Qa7+ 36. Kg2 Qb7+ 37. Qe4 Nc5 38. Qxb7 Rxb7 39. Rxc2 Nxb3 40. Ne4 Nxd2 41. Nxd2 Be7 42. Kf3 Kf8 43. Rc8+ Kg7 44. Nb3 Bf8 45. Ke4 Be7 46. Kd3 Rd7+ 47. Kc2 Bd8 48. Rc4 Be7 49. Nd4 Rd5 50. Nc6 Bf8 51. Nxb4 Bxb4 52. Rxb4 Kf8 53. Kc3 Ke7 54. Rd4 Ra5 55. Kd3 Ra1 56. Rb4 Rd1+ 57. Ke2 Ra1 58. Rb7+ Ke6 59. Rb6+ Ke7 60. Rf6 Ra2+ 61. Kf3 Ra3+ 62. Kg4 Re3 63. Ra6 Ke8 64. Ra1 Ke7 65. Rf1 Ke6 66. Rf3 Re1 67. Ra3 Re2 68. Kf3 Re1 69. Ra6+ Ke7 70. Ra4 Ke6 71. Kf2 Rb1 72. Ra6+ Ke7 73. Rf6 Rb2+ 74. Ke3 Rb1 75. Kd2 Rb2+ 76. Kd3 Rb3+ 77. Kd4 Rb4+ 78. Kd5 Rb5+ 79. Kc4 Ra5 80. Kb3 Rb5+ 81. Kc3 Ra5 82. e6 fxe6 83. Kd4 Ra4+ 84. Ke3 Ra3+ 85. Ke4 Ra4+ 86. Kf3 Ra3+ 87. Kg4 Ra4 88. Rxg6 e5 89. Kf5 Rxf4+ 90. Kxe5 Rf1 91. Rg7+ Kf8 92. Rc7 Kg8 93. Rd7 1/2-1/2

[Event "Fagernes GM-B 2019"]
[Site "Fagernes"]
[Date "2019.04.18"]
[Round "6.25"]
[White "Holm, Kristian Stuvik"]
[Black "Kaasen, Tor Fredrik"]
[Result "0-1"]
[ECO "A15"]
[WhiteElo "2467"]
[BlackElo "2385"]
[Annotator "ChessBase"]
[PlyCount "88"]
[EventDate "2019.04.14"]
[EventType "tourn"]
[EventCountry "NOR"]
[SourceTitle "playchess.com"]
[Source "ChessBase"]
[SourceQuality "1"]
[TimeControl "40/5400+30:1800+30"]

1. Nf3 Nf6 2. g3 g6 3. b3 Bg7 4. Bb2 b6 5. Bg2 Bb7 6. O-O O-O 7. c4 e6 8. d4 d6 9. Nc3 Ne4 10. Qc2 Nxc3 11. Bxc3 Nd7 12. e4 Qe7 13. Rfe1 e5 14. d5 c6 15. Rad1 Rfd8 16. Qd2 Nc5 17. Bb4 a5 18. Bxc5 bxc5 19. a4 Qc7 20. Qd3 cxd5 21. exd5 Re8 22. Nd2 f5 23. f3 Re7 24. Nb1 Rf8 25. Nc3 Bc8 26. Nb5 Qd8 27. Qd2 h5 28. f4 Bh6 29. Qf2 Rfe8 30. fxe5 Rxe5 31. Rxe5 Rxe5 32. Re1 Qe7 33. Rxe5 Qxe5 34. Kf1 Be3 35. Qe1 f4 36. Qc3 Qe7 37. gxf4 Bxf4 38. Bh3 Be5 39. Qf3 Qf6 40. Bg2 Bf5 41. h3 Qg5 42. Nc3 Qc1+ 43. Nd1 Bc2 44. Ke1 h4 0-1

[Event "Fagernes GM-B 2019"]
[Site "Fagernes"]
[Date "2019.04.18"]
[Round "6.26"]
[White "Greenfeld, Alon"]
[Black "Betaneli, Alexander"]
[Result "1-0"]
[ECO "E06"]
[WhiteElo "2514"]
[BlackElo "2235"]
[Annotator "ChessBase"]
[PlyCount "79"]
[EventDate "2019.04.14"]
[EventType "tourn"]
[EventCountry "NOR"]
[SourceTitle "playchess.com"]
[Source "ChessBase"]
[SourceQuality "1"]
[TimeControl "40/5400+30:1800+30"]

1. c4 e6 2. g3 d5 3. Bg2 Nf6 4. Nf3 Be7 5. O-O O-O 6. d4 c6 7. Qc2 b6 8. Nbd2 Bb7 9. e4 Na6 10. e5 Nd7 11. a3 Nc7 12. Re1 a5 13. h4 c5 14. Nf1 cxd4 15. Nxd4 Nc5 16. Bf4 dxc4 17. Bxb7 Nxb7 18. Nc6 Qd7 19. Nxe7+ Qxe7 20. Qxc4 Nd5 21. Bg5 Qc5 22. Qg4 Rfc8 23. Nd2 Qf8 24. Ne4 Rc6 25. Rad1 Kh8 26. Rd4 f5 27. exf6 gxf6 28. Rxd5 exd5 29. Nxf6 h6 30. Qd7 Rxf6 31. Bxf6+ Qxf6 32. Qxb7 Rf8 33. Re2 d4 34. Qe7 Qxe7 35. Rxe7 Rd8 36. Re2 b5 37. Kg2 b4 38. axb4 axb4 39. Kf3 Kg7 40. Ke4 1-0